 Dungeon Crawl Stone Soup version 0.28.0-47-ge53b351184 (webtiles) character file.

Game seed: 17398873896706075156

61 Peloso the Skirmisher (level 3, 34/34 HPs)
             Began as a Minotaur Fighter on Apr 29, 2022.
             Got out of the dungeon alive.
             The game lasted 00:03:18 (2239 turns).

Peloso the Skirmisher (Minotaur Fighter)            Turns: 2239, Time: 00:03:18

Health: 34/34      AC:  5    Str: 20    XL:     3   Next: 83%
Magic:  2/2        EV:  7    Int:  5    God:
Gold:   94         SH:  9    Dex: 11    Spells: 2/2 levels left

rFire   . . .      SeeInvis .   a - +0 long sword
rCold   . . .      Faith    .   c - +0 buckler
rNeg    . . .      Spirit   .   e - +0 chain mail
rPois   .          Reflect  +   (helmet restricted)
rElec   .          Harm     .   (no cloak)
rCorr   .          Rampage  .   (no gloves)
Will    .....                   (no boots)
Stlth   ..........              k - amulet of reflection
HPRegen 0.11/turn               (no ring)
MPRegen 0.08/turn               (no ring)

@: no status effects
A: horns 2, retaliatory headbutt, deformed body
a: no special abilities


You escaped.
You visited 1 branch of the dungeon, and saw 3 of its levels.

You collected 94 gold pieces.

Inventory:

Hand Weapons
 a - a +0 long sword (weapon)
Missiles
 i - a throwing net (quivered)
Armour
 b - a +0 scale mail
 c - a +0 buckler (worn)
 e - a +0 chain mail (worn)
Jewellery
 k - an amulet of reflection (around neck)
Scrolls
 f - 2 scrolls of vulnerability
 m - 3 scrolls of teleportation
Potions
 d - 2 potions of might
 g - a potion of curing {unknown}


   Skills:
 + Level 4.5 Fighting
 + Level 3.4 Long Blades
 + Level 4.0 Armour
 + Level 4.0 Shields


You had 2 spell levels left.
You didn't know any spells.
Your spell library was empty.

Dungeon Overview and Level Annotations

Branches:
Dungeon (3/15)

Altars:


Innate Abilities, Weirdness & Mutations

You have a pair of horns on your head.
You reflexively headbutt those who attack you in melee.
Armour fits poorly on your strangely shaped body.


Message History

Unknown command.
Unknown command.
Things that are here:
a +1 dagger of venom; a goblin corpse Your surroundings suddenly seem different.
A kobold comes into view. It is wielding a +0 short sword.
The kobold shouts!
You slash the kobold!
You kill the kobold!
Found the +7 captain's cutlass {speed, disarm}.
g - a lumpy brown potion
m - 3 scrolls of teleportation (gained 1)
Things that are here:
a +0 short sword; 2 stones
(D) Dungeon
Where to? (Enter - D:12, ? - help)
What level of the Dungeon? (default 1, ? - help)
You feel your willpower return.
There is an open door here.
Things that are here:
a jackal skeleton; a jackal skeleton You see here a jackal skeleton.
There is a stone staircase leading up here.
You climb upwards.
There is a stone staircase leading down here.
There is a stone staircase leading up here.
You climb upwards.
There is a stone staircase leading down here.
There is an open door here.
You open the door.
There is an open door here.
There is an open door here.
There is a staircase leading out of the dungeon here.
(D) Dungeon
Where to? (Enter - D:1 @ (x,y), ? - help) You're already here!
Are you sure you want to leave the Dungeon?
This will make you lose the game!
Alright, then stay!
Are you sure you want to leave the Dungeon?
This will make you lose the game!
You have escaped!

######.####.###########.......#
######.# #.#.........#.....).#
.......# #.#.........#.......#
......#####.#.........#.......#
.####.......#.....♣...#.......###
.# #..######....8....#.......'..
.# #..# #.........##......### .#
#..# #.........######### .# #..#
#...@.....# .# #..# #.........#
######### .# #..#
####.########.......# .# #..#
#........'.......' .# #..#
######.###.......# .# #..# #.#
#.......# .# ##.# ###.# #########
.# #.# #...# # ##
#.############.### #


There were no monsters in sight!

Vanquished Creatures
  An adder (D:2)
  2 worms (D:2)
  A dart slug (D:2)
  3 ball pythons (D:1)
  3 endoplasms
  2 giant cockroaches
  2 goblins
  2 hobgoblins
  7 jackals
  A quokka (D:2)
  5 bats
  2 frilled lizards (D:1)
  5 kobolds
  5 rats
41 creatures vanquished.

Notes
Turn   | Place    | Note
-------+----------+-------------------------------------------
     0 | D:1      | Peloso the Minotaur Fighter began the quest for the Orb.
     0 | D:1      | Reached XP level 1. HP: 19/19 MP: 0/0
   111 | D:1      | Found a faded altar of an unknown god.
   206 | D:1      | Reached XP level 2. HP: 22/27 MP: 1/1
   993 | D:2      | Reached XP level 3. HP: 34/34 MP: 2/2
  2079 | D:3      | Gained mutation: Armour fits poorly on your strangely
                  | shaped body. [potion of mutation]
  2092 | D:3      | Found the +7 captain's cutlass {speed, disarm}
  2239 | D:$      | Got out of the dungeon alive.

Illustrated notes

Levels and vault maps discovered:
D:1:      wander_arrival_lonely_grave, layout_basic,
          ebering_ecumenical_altar_webs
D:2:      layout_loops_ring, minmay_misc_feat_doors, minivault_5,
          serial_park_tiny_2
D:3:      layout_basic, gammafunk_temple_overflow_pools, kennysheep_donut,
          uniq_jessica

Skill      XL: |  1  2  3 |
---------------+----------+-----
Fighting       | 4 |  4.5
Shields        | 4 |  4.0
Long Blades    | 3 |  3.4
Armour         | 4 |  4.0

Action                   || total
-------------------------++-------
Melee: Long sword        ||   120
       Headbutt          ||    14
  Use: Scroll            ||     5
       Potion            ||     1
Armor: Chain mail        ||    69
       Scale mail        ||     1
Dodge: Dodged            ||    35
Block: Buckler           ||    46
